 Dungeon Crawl Stone Soup version 0.23-a0-451-g1044d4c (webtiles) character file.

53 Gorice the Skirmisher (level 3, -7/33 HPs)
             Began as a Minotaur Wanderer on Nov 22, 2018.
             Mangled by Sigmund
             ... wielding a +0 scythe
              (15 damage)
             ... on level 2 of the Dungeon.
             The game lasted 00:05:28 (968 turns).

Gorice the Skirmisher (Minotaur Wanderer)            Turns: 968, Time: 00:05:29

Health: -7/33      AC:  6    Str: 18    XL:     3   Next: 62%
Magic:  6/6        EV:  9    Int: 10    God:
Gold:   47         SH:  0    Dex:  7    Spells: 6/7 levels left

rFire    . . .     SeeInvis .   a - +2 dagger (venom)
rCold    . . .     Gourm    .   (no shield)
rNeg     . . .     Faith    .   n - +0 scale mail
rPois    .         Spirit   .   (helmet restricted)
rElec    .         Reflect  .   (no cloak)
rCorr    .         Harm     .   (no gloves)
MR       .....                  (no boots)
Stlth    ..........             (no amulet)
HPRegen  0.11/turn              (no ring)
MPRegen  0.10/turn              (no ring)

@: no status effects
A: retaliatory headbutt, horns 2
a: no special abilities


You were on level 2 of the Dungeon.
You were not hungry.

You visited 1 branch of the dungeon, and saw 2 of its levels.

You collected 47 gold pieces.

Inventory:

Hand Weapons
 a - a +2 dagger of venom (weapon)
   (You took it off a goblin on level 1 of the Dungeon)
 e - a +0 club
 i - a +0 spear
 o - a +3 dagger
Missiles
 Y - 14 stones (quivered)
Armour
 d - a +1 robe
 n - a +0 scale mail (worn)
Wands
 m - a wand of digging (2)
Scrolls
 k - a scroll of fear {unknown}
 p - 3 scrolls of identify {unknown}
Potions
 c - a potion of curing
 g - a potion of haste {unknown}
 h - a potion of invisibility {unknown}
 l - a potion of ambrosia {unknown}
Comestibles
 b - 5 chunks of flesh
 f - 2 rations


   Skills:
 + Level 4.1 Fighting
 + Level 0.0 Armour
   Level 2.4 Shields
 - Level 2.9 Spellcasting
   Level 1.5 Transmutations
   Level 1.3 Fire Magic


You had 6 spell levels left.
You knew the following spells:

 Your Spells              Type           Power        Failure   Level  Hunger
a - Magic Dart            Conj           #...         69%         1    ##.....

Your spell library contained the following spells:

 Spells                   Type           Power        Failure   Level  Hunger
 Blink                    Tloc           N/A          83%         2    ###....
 Call Imp                 Summ           #.......     83%         2    ###....
 Slow                     Hex            #.......     83%         2    ###....
 Conjure Flame            Conj/Fire      #.......     91%         3    ####...
 Mephitic Cloud           Conj/Pois/Air  #.......     96%         3    ####...


Dungeon Overview and Level Annotations

Branches:
Dungeon (2/15)

Altars:
Nemelex Xobeh
Vehumet

Annotations:
D:2 Sigmund, Terence


Innate Abilities, Weirdness & Mutations

You reflexively headbutt those who attack you in melee.
You have a pair of horns on your head.


Message History

You butcher the leopard gecko corpse.
b - 10 chunks of flesh (gained 2)
You see here a leopard gecko skeleton.
You now have 47 gold pieces (gained 10).
Some of the chunks of flesh in your inventory have rotted away.
Found a sparkling altar of Nemelex Xobeh.
There is a sparkling altar of Nemelex Xobeh here.
p - 3 scrolls labeled VAHOESHECHE
There is a sparkling altar of Nemelex Xobeh here.
Some of the chunks of flesh in your inventory have rotted away.
A rat comes into view.
Sigmund shouts!
The rat barely misses you.
You closely miss the rat. You headbutt the rat.
You kill the rat!
Sigmund mumbles some strange words.
Sigmund flickers and vanishes!
Deactivating autopickup; reactivate with Ctrl-A.
No target in view!
No target in view!
You are confused.
A rat comes into view.
You bump into the rock wall.
You're too confused to move!
You feel less confused.
You are confused.
You bump into the rock wall.
A magic dart appears from out of thin air!
The magic dart hits you! Something hits you!
Damage: 15 (max 15)
You closely miss something. Your headbutt misses something.
You feel less confused. Something hits you!
* * * LOW HITPOINT WARNING * * *
Damage: 10 (max 15)
You hit something.
You feel better. Something hits you.
* * * LOW HITPOINT WARNING * * *
Really read
j - a scroll of teleportation {!r}?
As you read the scroll of teleportation {!r}, it crumbles to dust.
You feel strangely unstable. Something hits you but does no damage.
Your surroundings seem slightly different.
Some of the chunks of flesh in your inventory have rotted away.
Found an escape hatch in the floor.
Something hits you.
* * * LOW HITPOINT WARNING * * *
Damage: 1 (max 15)
Something hits you!
You die...

...##.....##.######...
.#.#.......#...†........
.#....._...#.###........
.#.#.......#..#..####.#.
.#.##.....##....####.>..
...>##...##...........♣
.#...#####....{.r....♣♣
...#.......#........≈♣
...##...........@..≈♣P≈≈
...##........#.#..♣≈≈≈≈≈
...##......#.#...♣≈≈≈P≈≈
.........#.......♣≈PPP≈≈
....#...................
..............#..≈≈≈≈≈≈≈
...........)....♣≈ ≈≈≈≈≈
....#...##...... ≈≈ ≈≈≈≈
........# .....


You could see a rat.

Vanquished Creatures
  2 dart slugs (D:1)
  A leopard gecko (D:2)
  6 giant cockroaches
  5 goblins
  6 hobgoblins
  9 bats
  4 frilled lizards
  6 kobolds
  8 rats
47 creatures vanquished.

Notes
Turn   | Place    | Note
-------+----------+-------------------------------------------
     0 | D:1      | Gorice the Minotaur Wanderer began the quest for the Orb.
     0 | D:1      | Gorice set off with the following items: a potion of
                  | curing, a +0 robe, a +0 club, a ration; and the following
                  | spell memorised: Magic Dart; and the following spells
                  | available to memorise: Blink, Call Imp, Slow, Conjure
                  | Flame, Mephitic Cloud
     0 | D:1      | Reached XP level 1. HP: 14/14 MP: 3/3
    28 | D:1      | Reached skill level 1 in Fighting
    84 | D:1      | Reached skill level 2 in Fighting
    87 | D:1      | Reached XP level 2. HP: 16/24 MP: 4/4
   354 | D:1      | Reached skill level 3 in Fighting
   387 | D:1      | Reached XP level 3. HP: 30/31 MP: 6/6
   553 | D:2      | Noticed Sigmund
   553 | D:2      | Noticed Terence
   830 | D:2      | Found a radiant altar of Vehumet.
   835 | D:2      | Reached skill level 4 in Fighting
   908 | D:2      | Found a sparkling altar of Nemelex Xobeh.
   958 | D:2      | HP: 8/33 [something (11)]
   967 | D:2      | HP: 7/33 [something (1)]
   968 | D:2      | Mangled by Sigmund

Vault maps used:
D:1:      dpeg_arrival_erosion
D:2:      vehumet_crystals, lemuel_round_altar, serial_bayou,
          serial_bayou_crossing, serial_bayou_pond_b, serial_bayou_lagoon_a,
          serial_bayou_lagoon_b, serial_bayou_pond_d, first_ration,
          grunt_ministairs_4, uniq_sigmund, uniq_terence

Skill      XL: |  1  2  3 |
---------------+----------+-----
Fighting       | 2 3 4 |  4.1
Shields        | |  2.4
Spellcasting   | |  2.9
Transmutations | |  1.5
Fire Magic     | |  1.3

Action                   || total
-------------------------++-------
Melee: Dagger            ||    92
       Club              ||     3
       Headbutt          ||    10
  Use: Scroll            ||     4
       Potion            ||     1
Armor: Robe              ||    30
       Scale mail        ||     2
Dodge: Dodged            ||    66

Table legend:
 A = Non-vault XP
 B = Vault XP
 C = Vault XP percentage of total XP
 D = Non-vault monster count
 E = Vault monster count
 F = Vault count percentage of total count
                 A         B        C        D         E       F
            +---------+---------+-------+---------+---------+-------
      Total |      70 |       6 |   7.9 |      42 |       5 |  10.6
            +---------+---------+-------+---------+---------+-------
        D:1 |      44 |       0 |   0.0 |      25 |       0 |   0.0
        D:2 |      26 |       6 |  18.8 |      17 |       5 |  22.7
            +---------+---------+-------+---------+---------+-------

Table legend:
 A = Turns spent in this place as a percentage of turns spent in the entire game.
 B = Non-inter-level travel turns spent in this place as a percentage of non-inter-level travel turns spent in the entire game.
 C = Inter-level travel turns spent in this place as a percentage of turns spent in this place.
 D = Turns resting spent in this place as a percentage of non-inter-level travel turns spent in this place.
 E = Turns spent auto-exploring this place as a percentage of non-inter-level travel turns spent in this place.
 F = Non-inter-level travel turns spent in this place divided by the number of levels of this place that you've seen.
                   A       B       C       D       E      F
               +-------+-------+-------+-------+-------+----------------------
         Total | 100.0 | 100.0 |   0.0 |  13.8 |  35.6 | 484.0
       Dungeon | 100.0 | 100.0 |   0.0 |  13.8 |  35.6 | 484.0
               +-------+-------+-------+-------+-------+----------------------

Vault maps used:
D:1:      dpeg_arrival_erosion
D:2:      vehumet_crystals, lemuel_round_altar, serial_bayou,
          serial_bayou_crossing, serial_bayou_pond_b, serial_bayou_lagoon_a,
          serial_bayou_lagoon_b, serial_bayou_pond_d, first_ration,
          grunt_ministairs_4, uniq_sigmund, uniq_terence
